 Dungeon Crawl Stone Soup version 0.20.0-15-g7f486f2 (webtiles) character file.

483 Derenoc the Grave Robber (level 6, 0/42 HPs)
             Began as a Vampire Necromancer on June 14, 2017.
             Was a Believer of Yredelemnul.
             Slain by a centaur (7 damage)
             ... on level 4 of the Dungeon.
             The game lasted 00:41:02 (6224 turns).

Derenoc the Grave Robber (Vampire Necromancer)      Turns: 6224, Time: 00:41:02

Health: 0/42       AC:  2    Str:  7    XL:     6   Next: 87%
Magic:  1/13       EV: 17    Int: 19    God:    Yredelemnul [**....]
Gold:   273        SH:  0    Dex: 15    Spells: 6/14 levels left

rFire    . . .     SeeInvis +   (no weapon)
rCold    . . .     Gourm    .   (no shield)
rNeg     + . .     Faith    .   a - +0 robe
rPois    .         Spirit   .   (no helmet)
rElec    .         Reflect  .   (no cloak)
rCorr    .         Harm     .   (no gloves)
MR       .....                  (no boots)
Stlth    ++........             (no amulet)
Regen    0.2/turn               p - +4 ring of evasion
MPRegen  0.2/turn               e - ring of wizardry

@: lethally poisoned (0 -> -1)
A: fangs 3, see invisible, unbreathing
a: Bat Form, Animate Remains, Recall Undead Slaves, Injury Mirror, Renounce
Religion


You were on level 4 of the Dungeon.
You worshipped Yredelemnul.
Yredelemnul was pleased with you.
You were not thirsty.

You visited 1 branch of the dungeon, and saw 5 of its levels.

You collected 273 gold pieces.

Inventory:

Armour
 a - a +0 robe (worn)
 j - a +2 chain mail of poison resistance
 o - a +3 leather armour of magic resistance
Jewellery
 d - an uncursed ring of loudness
 e - a ring of wizardry (right hand)
 f - an uncursed amulet of rage
 p - a +4 ring of evasion (left hand)
Wands
 n - a wand of disintegration (0/24)
Scrolls
 g - a scroll of fog
 k - a scroll of teleportation
 q - a scroll of enchant weapon
Potions
 h - a potion of agility
 i - a potion of curing
Books
 b - a book of Necromancy

   Spells                             Type                      Level
   a - Pain                           Necromancy                   1
   b - Animate Skeleton               Necromancy                   1
   c - Vampiric Draining              Necromancy                   3
   d - Regeneration                   Charms/Necromancy            3
   e - Animate Dead                   Necromancy                   4
   f - Control Undead                 Necromancy                   4


   Skills:
 + Level 0.3 Fighting
 + Level 2.3 Dodging
 + Level 3.3 Stealth
 + Level 0.2 Unarmed Combat
 + Level 4.9 Spellcasting
 + Level 6.9 Necromancy
 + Level 0.5 Evocations


You had 6 spell levels left.
You knew the following spells:

 Your Spells              Type           Power        Failure   Level  Hunger
a - Pain                  Necr           ####         1%          1    None
b - Regeneration          Chrm/Necr      ###.......   3%          3    ##.....
c - Animate Dead          Necr           N/A          2%          4    ####...


Dungeon Overview and Level Annotations

Branches:
Dungeon (5/15)
 Temple: D:4-7

Altars:
Yredelemnul


Innate Abilities, Weirdness & Mutations

You have razor-sharp teeth.
You have supernaturally acute eyesight. (SInv)
You can survive without breathing.


Message History

Aiming: Pain
Press: ? - help, Shift-Dir - straight line, f - centaur
Aim: a centaur (chance to defeat MR: 84%)
The centaur writhes in agony!
You feel sick. The centaur completely misses you.
Your adder zombie bites the centaur.
You barely miss the centaur.
The centaur is heavily wounded.
The centaur hits you.
Your adder zombie bites the centaur but does no damage.
The centaur hits you.
* * * LOW HITPOINT WARNING * * *
Your ogre zombie hits the centaur with a giant spiked club!
The centaur hits you but does no damage.
Your adder zombie barely misses the centaur.
The worker ant bites your ogre zombie!
You climb upwards.
Your mindless thralls stay behind.
You feel sick.
There is a stone staircase leading down here.
The centaur hits you!
You die...
Yredelemnul claims you as an undead slave.

#..###..# #.....# #.
#.#.#>#.# #.....#####
#.##.##.# #.....#....
#.##.##.# ###.###.#..
#.......# #.......Z
####.#### #####.#.< #.#
#.#.. #.# #.... #@#
#########.. ##
###########c######.#........
.#
#.................#...#####.
.#####.######.#####.###.#.##
## ....##.#### #?#####.#
###.## .##.......# #....##.#
#...# .##.##.##.# #.##.##.#
#...# .......##.# #.##.##.#
#...# ###.#####.# #.......#
#...#


You could see a centaur.

Vanquished Creatures
  An ogre (D:5)
  A howler monkey (D:4)
  2 orc priests
  A centaur skeleton (D:4)
  2 worker ants
  5 adders
  A gnoll (D:1)
  An ooze (D:5)
  3 worms
  3 dart slugs (D:2)
  4 leopard geckos
  4 orcs
  8 giant cockroaches
  11 goblins
  6 hobgoblins
  2 jackals (D:1)
  11 kobolds
  6 bats
  3 frilled lizards
  7 rats
82 creatures vanquished.

Vanquished Creatures (collateral kills)
  An ogre (D:5)
  A hound skeleton (D:4)
  A dart slug (D:3)
  An orc (D:3)
  A hobgoblin (D:3)
  2 rats
7 creatures vanquished.

Grand Total: 89 creatures vanquished

Notes
Turn   | Place    | Note
-------+----------+-------------------------------------------
     0 | D:1      | Derenoc the Vampire Necromancer began the quest for the Orb.
     0 | D:1      | Reached XP level 1. HP: 13/13 MP: 3/3
   236 | D:1      | Reached XP level 2. HP: 16/19 MP: 0/5
   283 | D:1      | Reached skill level 5 in Necromancy
   855 | D:1      | Reached XP level 3. HP: 14/24 MP: 0/6
   948 | D:1      | Learned a level 3 spell: Vampiric Draining
  1053 | D:1      | You fall through a shaft!
  1100 | D:2      | Found a basalt altar of Yredelemnul.
  1157 | D:2      | Became a worshipper of Yredelemnul the Dark
  2203 | D:2      | Found a faded altar of an unknown god.
  2243 | D:2      | Learned a level 3 spell: Regeneration
  2523 | D:2      | Reached XP level 4. HP: 29/30 MP: 2/8
  2844 | D:2      | Learned a level 4 spell: Animate Dead
  3265 | D:1      | Reached * piety under Yredelemnul
  4230 | D:3      | Reached XP level 5. HP: 35/36 MP: 0/10
  4479 | D:3      | Reached skill level 6 in Necromancy
  5446 | D:4      | Reached XP level 6. HP: 37/42 MP: 5/12
  5662 | D:5      | Entered Level 5 of the Dungeon
  5954 | D:5      | Reached ** piety under Yredelemnul
  6224 | D:4      | Slain by a centaur

Skill      XL: |  1  2  3  4  5 |
---------------+----------------+-----
Necromancy     | 5 6 |  6.9
Spellcasting   | 3 4 |  4.9
Fighting       | |  0.3
Dodging        | |  2.3
Stealth        | |  3.3
Unarmed Combat | |  0.2
Evocations     | |  0.5

Action                   |  1- 3 |  4- 6 || total
-------------------------+-------+-------++-------
Melee: Unarmed           |     8 |    41 ||    49
       Bite              |       |     3 ||     3
 Cast: Pain              |    65 |   117 ||   182
       Vampiric Draining |     5 |       ||     5
       Regeneration      |     3 |       ||     3
       Animate Dead      |       |    17 ||    17
 Abil: End Transformatio |       |     1 ||     1
       Bat Form          |       |     1 ||     1
Evoke: Wand              |       |     4 ||     4
  Use: Scroll            |     8 |     6 ||    14
       Potion            |     6 |    13 ||    19
Armor: Robe              |     5 |     6 ||    11
       Leather armour    |       |     7 ||     7
Dodge: Dodged            |    17 |    53 ||    70
